 Dungeon Crawl Stone Soup version 0.31-a0-325-g067879e3d3 (webtiles) character file.

Game seed: 12365602202296734794

3019 Newt the Carver (level 9, -4/74 HPs)
             Began as a Barachi Fighter on July 18, 2023.
             Was a Priest of the Shining One.
             Slain by a ten-headed hydra (5 damage)
             ... on level 8 of the Dungeon.
             The game lasted 00:10:03 (7409 turns).

Newt the Carver (Barachi Fighter)                   Turns: 7409, Time: 00:10:03

Health: -4/74      AC: 12    Str: 21    XL:     9   Next: 85%
Magic:  0/12       EV: 10    Int:  9    God:    the Shining One [***...]
Gold:   392        SH:  6    Dex: 12    Spells: 8/8 levels left

rFire   + . .        a - +4 long sword (freeze)
rCold   . . .        c - +1 buckler
rNeg    + . .        D - +1 ring mail {rF+}
rPois   .            (no helmet)
rElec   .            B - scarf {repulsion}
rCorr   .            h - +0 pair of gloves
SInv    +            (no boots)
Will    .....        i - amulet of guardian spirit
Stlth   +            l - ring of see invisible
HPRegen 0.32/turn    y - +4 ring of protection
MPRegen 0.13/turn

%: repel missiles, guardian spirit
@: unable to hop, glowing, slow
A: amphibious, slowness 1, strong legs 1, +LOS
a: Hop, Renounce Religion, Divine Shield, Cleansing Flame


You were on level 8 of the Dungeon.
You worshipped the Shining One.
The Shining One was most pleased with you.
You visited 1 branch of the dungeon, and saw 8 of its levels.
You also visited: Sewer.

You collected 392 gold pieces.

Inventory:

Hand Weapons
 a - a +4 long sword of freezing (weapon)
Missiles
 g - 3 poisoned darts
 t - 2 throwing nets
Armour
 b - a +0 scale mail
 c - a +1 buckler (worn)
 h - a +0 pair of gloves (worn)
 v - a +2 cloak of poison resistance
 B - a scarf of repulsion (worn)
 D - a +1 ring mail of fire resistance (worn)
Jewellery
 i - an amulet of guardian spirit (around neck)
 l - a ring of see invisible (left hand)
 u - a ring of willpower
 x - a +6 ring of intelligence
 y - a +4 ring of protection (right hand)
 z - a ring of protection from cold
 E - a +6 ring of intelligence
Wands
 C - a wand of mindburst (9)
 F - a wand of acid (5)
 G - a wand of charming (10)
Scrolls
 j - 2 scrolls of revelation
 p - a scroll of enchant armour
 q - 2 scrolls of teleportation
 r - a scroll of silence
 A - 3 scrolls of fear
Potions
 d - a potion of might
 e - a potion of enlightenment
 f - 5 potions of curing
 k - 3 potions of haste
 m - a potion of berserk rage
 n - 2 potions of invisibility
 o - a potion of lignification


   Skills:
 - Level 8.0 Fighting
 - Level 10.0 Long Blades
 - Level 7.0 Armour
 - Level 6.0 Shields
 - Level 5.0 Invocations
 + Level 1.0 Evocations


You had 8 spell levels left.
You didn't know any spells.
Your spell library contained the following spells:

 Spells                   Type           Power      Damage    Failure   Level
 Apportation              Tloc           0%         N/A       58%         1
 Kiss of Death            Conj/Necr      0%         2d5       58%         1
 Necrotise                Necr           0%         1d4       58%         1
 Summon Small Mammal      Summ           0%         N/A       58%         1
 Poisonous Vapours        Pois/Air       0%         N/A       75%         2
 Confusing Touch          Hex            0%         N/A       92%         3
 Inner Flame              Hex/Fire       0%         N/A       92%         3
 Mephitic Cloud           Conj/Pois/Air  0%         N/A       92%         3
 Summon Guardian Golem    Hex/Summ       0%         N/A       92%         3
 Cause Fear               Hex            0%         N/A       100%        4
 Dispel Undead            Necr           0%         3d6       100%        4
 Fireball                 Conj/Fire      0%         3d3       100%        5
 Freezing Cloud           Conj/Ice/Air   0%         6-21      100%        5
 Yara's Violent Unravell  Hex/Tmut       0%         3d3       100%        5
 Enfeeble                 Hex            0%         N/A       100%        7
 Orb of Destruction       Conj           0%         9d5       100%        7
 Spellforged Servitor     Conj/Summ      0%         N/A       100%        7
 Dragon's Call            Summ           0%         N/A       100%        9


Dungeon Overview and Level Annotations

Branches:
Dungeon (8/15)             Temple (0/1) D:4            Lair (0/5) D:8
  Sewer (visited)

Altars:
Gozag
Hepliaklqana
Nemelex Xobeh
Okawaru
Qazlal
Xom
The Shining One

Shops:
D:1 :

Annotations:
D:8 XomNomNom's ghost, novice HOMo


Innate Abilities, Weirdness & Mutations

You are amphibious.
You cover ground slowly.
You can hop short distances.
You have an extended range of vision and can be seen from far away.


Message History

The ten-headed hydra bites you.
* * * LOW HITPOINT WARNING * * *
The ten-headed hydra closely misses you.
You block the ten-headed hydra's attack.
The ten-headed hydra bites you but does no damage. x2
Unknown command.
You feel much better.
The ten-headed hydra bites you but does no damage. x2
The ten-headed hydra bites you!
The ten-headed hydra closely misses you.
The ten-headed hydra barely misses you. The ten-headed hydra bites you. x2
You block the ten-headed hydra's attack.
The ten-headed hydra closely misses you.
The ten-headed hydra bites you!
Aiming: Mindburst
Press: ? - help, Shift-Dir - straight line, f/p - ten-headed hydra
Aim: a ten-headed hydra (severely wounded, haloed, chance to affect: 34%)
The ten-headed hydra's minds are blasted!!
The ten-headed hydra bites you!
* * * LOW HITPOINT WARNING * * *
The ten-headed hydra bites you.
* * * LOW HITPOINT WARNING * * *
The ten-headed hydra bites you but does no damage.
The ten-headed hydra barely misses you.
The ten-headed hydra completely misses you.
The ten-headed hydra bites you but does no damage.
The ten-headed hydra bites you.
* * * LOW HITPOINT WARNING * * *
The ten-headed hydra closely misses you.
The ten-headed hydra bites you.
* * * LOW HITPOINT WARNING * * *
You block the ten-headed hydra's attack.
Unknown command.
Unknown command.
Aiming: Mindburst
Press: ? - help, Shift-Dir - straight line, f/p - ten-headed hydra
Aim: a ten-headed hydra (almost dead, haloed, chance to affect: 34%)
The ten-headed hydra easily resists.
The ten-headed hydra bites you.
You die...

...##...#########..............##
..........#.....##########.....<.
..........#..............#.......
..........#.>......>.....#.......
..........#..............#...<...
#..####...##...###.....###.......
#..####...####'#####'######+#....
'......................#....'....
#..............D@......#....#....
#......................#....#....
#############################....
#####


You could see a ten-headed hydra.

Vanquished Creatures
  Prince Ribbit (D:7)
  Sigmund (D:4)
  A steam dragon (D:7)
  3 water moccasins
  An ice beast (D:5)
  2 centaurs
  3 ogres
  3 bullfrogs (D:8)
  2 scorpions
  4 killer bees (D:7)
  6 howler monkeys (D:8)
  5 orc priests
  2 hounds (D:6)
  2 jellies
  Crazy Yiuf (D:3)
  A gnoll bouda (D:8)
  5 iguanas
  7 orc wizards
  7 adders
  11 gnolls
  6 river rats
  4 worms
  A dart slug (D:1)
  31 orcs
  6 ball pythons
  8 endoplasms
  2 giant cockroaches
  7 goblins
  8 hobgoblins
  4 jackals (D:4)
  8 kobolds
  4 quokkas
  5 bats
  5 frilled lizards
  13 rats
180 creatures vanquished.

Notes
Turn   | Place    | Note
-------+----------+-------------------------------------------
     0 | D:1      | Newt the Barachi Fighter began the quest for the Orb.
     0 | D:1      | Reached XP level 1. HP: 18/18 MP: 1/1
   112 | D:1      | Found a faded altar of an unknown god.
   140 | D:1      | Prayed at the altar of an unknown god.
   140 | D:1      | Became a worshipper of the Shining One
   140 | D:1      | Reached * piety under the Shining One
   163 | D:1      | Found Voephic's Book Emporium.
   166 | D:1      | Reached XP level 2. HP: 25/25 MP: 2/2
   190 | D:1      | Reached skill level 3 in Long Blades
   424 | D:1      | Reached XP level 3. HP: 30/30 MP: 3/3
   592 | D:2      | Reached skill level 4 in Long Blades
   799 | D:2      | Reached XP level 4. HP: 15/37 MP: 1/4
   954 | D:2      | Reached skill level 5 in Long Blades
  1038 | D:2      | Found a hazy altar of Hepliaklqana.
  1296 | D:3      | Found a shimmering altar of Xom.
  1331 | D:3      | Reached ** piety under the Shining One
  1375 | D:3      | Found a glowing drain.
  1385 | Sewer    | Entered a sewer
  1535 | Sewer    | Reached XP level 5. HP: 39/42 MP: 5/5
  1550 | Sewer    | Reached skill level 6 in Long Blades
  1935 | D:3      | HP: 1/42 [gnoll/+0 flail (2)]
  1940 | D:3      | Reached XP level 6. HP: 8/48 MP: 1/6
  2209 | D:3      | Noticed Sigmund
  2235 | D:4      | Reached skill level 5 in Shields
  2346 | D:4      | Killed Sigmund
  2347 | D:4      | Reached skill level 5 in Fighting
  2347 | D:4      | Reached XP level 7. HP: 56/56 MP: 5/7
  2819 | D:3      | Found a runed translucent door.
  2820 | D:3      | Noticed Crazy Yiuf
  2993 | D:3      | Killed Crazy Yiuf
  3204 | D:4      | Found a staircase to the Ecumenical Temple.
  3233 | D:4      | Found an iron altar of Okawaru.
  3233 | D:4      | Found a stormy altar of Qazlal.
  3233 | D:4      | Found an opulent altar of Gozag.
  3825 | D:5      | Entered Level 5 of the Dungeon
  3959 | D:5      | Found a sparkling altar of Nemelex Xobeh.
  4015 | D:5      | Reached XP level 8. HP: 46/68 MP: 5/8
  4416 | D:5      | Noticed Prince Ribbit
  4580 | D:5      | Reached skill level 7 in Long Blades
  4854 | D:6      | Reached skill level 8 in Long Blades
  5354 | D:7      | Reached skill level 9 in Long Blades
  5749 | D:7      | Reached skill level 10 in Long Blades
  5749 | D:7      | Reached XP level 9. HP: 63/74 MP: 7/9
  5797 | D:7      | Reached skill level 5 in Armour
  6005 | D:7      | Killed Prince Ribbit
  6186 | D:7      | Reached skill level 1 in Invocations
  6955 | D:8      | Found a runed translucent gate.
  6956 | D:8      | Found a runed translucent gate.
  6957 | D:8      | Found a runed translucent gate.
  6957 | D:8      | Noticed a ten-headed hydra
  6957 | D:8      | Reached *** piety under the Shining One
  6957 | D:8      | Noticed XomNomNom's ghost (novice HOMo)
  6958 | D:8      | Noticed an 11-headed hydra
  6995 | D:8      | Found a staircase to the Lair.
  7187 | D:8      | Reached skill level 5 in Invocations
  7199 | D:8      | Reached skill level 1 in Evocations
  7408 | D:8      | HP: 1/74 [ten-headed hydra (4)]
  7409 | D:8      | Slain by a ten-headed hydra

Illustrated notes

Levels and vault maps discovered:
D:1:      matt_arrival_spirals, layout_rooms, serial_shops,
          nicolae_shop_window_shopping, basic_ecumenical_altar
D:2:      layout_basic, basic_altar, chequers_serial_rivers_micro_a,
          kennysheep_generic_room_8
D:3:      layout_loops_ring, lemuel_round_altar, portal_sewer_entry_b,
          nicolae_figureground_pulse, uniq_sigmund, uniq_crazy_yiuf_cottage
D:4:      layout_basic, chequers_temple_overflow_statue_of_worship,
          minmay_temple_entry_offerings
D:5:      layout_loops_ring, nemelex_dance_club_becter, roderic_lattice_a,
          uniq_prince_ribbit1
D:6:      layout_cave_pools
D:7:      layout_gridville
D:8:      nicolae_hitomezashi [nicolae_hito_row, nicolae_hito_row,
          nicolae_hito_row, nicolae_hito_row, nicolae_hito_row,
          nicolae_hito_row, nicolae_hito_row, nicolae_hito_row,
          nicolae_hito_row, nicolae_hito_row, nicolae_hito_row,
          nicolae_hito_row, nicolae_hito_row, nicolae_hito_row,
          nicolae_hito_row, nicolae_hito_row, nicolae_hito_row,
          nicolae_hito_row], layout_gridville, lair_entry_dummy,
          gammafunk_ghost_hydra_chop, minivault_21

Skill      XL: |  1  2  3  4  5  6  7  8  9 |
---------------+----------------------------+-----
Fighting       | 4 5 8 |  8.0
Long Blades    | 3 4 5 6 10 | 10.0
Shields        | 4 6 |  6.0
Armour         | 4 7 |  7.0
Invocations    | 5 |  5.0
Evocations     | 1 |  1.0

Action                     |  1- 3 |  4- 6 |  7- 9 || total
---------------------------+-------+-------+-------++-------
  Melee: Long sword        |    95 |   166 |   368 ||   629
Ability: Hop               |       |       |     1 ||     1
  Evoke: Wand              |       |       |    14 ||    14
    Use: Scroll            |     3 |     7 |    13 ||    23
         Potion            |       |     3 |     1 ||     4
 Armour: Scale mail        |    46 |    54 |    66 ||   166
         Ring mail         |       |       |   108 ||   108
  Dodge: Dodged            |    40 |    74 |   170 ||   284
         Repelled          |       |       |     1 ||     1
  Block: Buckler           |    18 |    59 |   124 ||   201

Table legend: (Time is in decaauts)
 A = Elapsed time spent in this place.
 B = Non-inter-level travel time spent in this place.
 C = Inter-level travel time spent in this place.
 D = Time resting spent in this place.
 E = Time spent auto-exploring this place.
 F = Levels seen in this place.
 G = Mean time per level.
                   A        B        C        D        E       F      G
               +--------+--------+--------+--------+--------+-----+--------+
         Total |   8391 |   8056 |    335 |    985 |   5468 |   9 |  932.3 |
       Dungeon |   7907 |   7572 |    335 |    985 |   5104 |   8 |  988.4 |
         Sewer |    484 |    484 |      0 |      0 |    363 |   1 |  484.0 |
               +--------+--------+--------+--------+--------+-----+--------+

Top non-repeatable levels by time:
     D:3: 1481 daAuts
     D:5: 1149 daAuts
     D:7: 1012 daAuts
     D:4: 967 daAuts
     D:8: 959 daAuts
     D:6: 903 daAuts
     D:2: 765 daAuts
     D:1: 667 daAuts
   Sewer: 484 daAuts
